 Dungeon Crawl Stone Soup version 0.31-a0-188-g5e087ee2ca (webtiles) character file.

Game seed: 15898805429483805021

2778 qw the Skirmisher (level 9, 0/52 HPs)
             Began as a Deep Elf Hunter on June 23, 2023.
             Was a Believer of Okawaru.
             Slain by Erica
             ... wielding a +0 scimitar of flaming
              (1 damage)
             ... on level 8 of the Dungeon.
             The game lasted 00:02:30 (4896 turns).

qw the Skirmisher (Deep Elf Hunter)                 Turns: 4896, Time: 00:02:30

Health: 0/52       AC: 18    Str: 15 (17) XL:     9   Next: 42%
Magic:  23/23      EV: 15    Int: 16 (17) God:    Okawaru [**....]
Gold:   375        SH:  0    Dex: 19 (20) Spells: 8/8 levels left

rFire   . . .        Y - +0 shortbow (freeze)
rCold   + . .        (shield currently unavailable)
rNeg    . . .        j - +7 Kryia's mail coat {PotionHeal*2 rC+}
rPois   .            (no helmet)
rElec   +            (no cloak)
rCorr   .            (no gloves)
SInv    .            h - +2 pair of boots "Ziwalao" {Str+7}
Will    .....        d - amulet of regeneration
Stlth   ++           c - ring of Goenaor {Drain rElec MP+9 Int+2 Slay+5}
HPRegen 1.08/turn    g - +4 ring of slaying {mikee}
MPRegen 0.18/turn

%: no passive effects
@: lethally poisoned (0 -> -8), about to teleport, heroic, marked
A: no striking features
a: Renounce Religion, Heroism


You were on level 8 of the Dungeon.
You worshipped Okawaru.
Okawaru was pleased with you.
You visited 2 branches of the dungeon, and saw 9 of its levels.

You collected 375 gold pieces.


   Skills:
 - Level 4.2(9.2) Fighting
 - Level 14.0(19.0) Ranged Weapons
 - Level 2.1(7.1) Armour
 + Level 5.7(10.7) Dodging
 - Level 1.2(6.2) Stealth
 - Level 4.0 Invocations


You had 8 spell levels left.
You didn't know any spells.
Your spell library was empty.

Inventory:

Hand Weapons
 Y - a +0 shortbow of freezing (weapon)
Armour
 h - the +2 pair of boots "Ziwalao" (worn) {Str+7}
   (You acquired it on level 4 of the Dungeon)

   Str:       It affects your strength (+7).
 j - the +7 Kryia's mail coat (worn) {PotionHeal*2 rC+}
   (You acquired it on level 5 of the Dungeon)

   PotionHeal*2: Potions heal its wearer twice as much.
   rC:        It protects you from cold.
Jewellery
 c - the ring of Goenaor (left hand) {Drain rElec MP+9 Int+2 Slay+5}
   (You found it on level 4 of the Dungeon)

   [ring of magical power]

   Int:       It affects your intelligence (+2).
   Slay:      It affects your accuracy & damage with ranged weapons and melee
   (+5).
   rElec:     It insulates you from electricity.
   MP:        It affects your magic capacity (+9).
   Drain:     It drains your maximum health when unequipped.
 d - an amulet of regeneration (around neck)
 g - a +4 ring of slaying (right hand) {mikee}
Scrolls
 a - a scroll of identify
 b - 4 scrolls of teleportation
Potions
 e - 2 potions of cancellation
 f - 3 potions of curing
 m - 2 potions of magic
 r - a potion of mutation {unknown}

Dungeon Overview and Level Annotations

Branches:
Dungeon (8/15)             Temple (1/1) D:6
   Lair: D:8-11

Altars:
Ashenzari
Dithmenos
Elyvilon
Fedhas
Gozag
Hepliaklqana
Kikubaaqudgha
Makhleb
Okawaru
Qazlal
Ru
Sif Muna
Trog
Uskayaw
Vehumet
Wu Jian
Xom
Yredelemnul
Zin
The Shining One

Shops:
D:1 [

Annotations:
D:6 2 transporters, qw's ghost, novice DEHu
D:8 Erica; Psyche


Message History

Okawaru accepts your kill.
You feel sick. The killer bee misses you.
The killer bee stings you but does no damage.
You hear some strange, mumbled words.
A bolt of poison appears from out of thin air!
The bolt of poison hits the orc!
The orc dies!
The bolt of poison hits you!!
You are more poisoned.
Psyche begins to cast a cantrip, but forgets the words!
The killer bee misses you. The killer bee closely misses you.
You feel your dexterity returning.
You shoot an arrow. The arrow hits the killer bee!
The arrow freezes the killer bee.
You kill the killer bee!
Okawaru accepts your kill.
You feel very sick. The killer bee completely misses you.
The killer bee barely misses you.
You shoot an arrow.
The arrow closely misses the killer bee.
You feel very sick. The killer bee stings you.
You are more poisoned.
The killer bee poisons you!
Psyche looks braver for a moment.
An orc comes into view. It is wielding a +0 dagger.
The orc priest invokes the aid of Beogh against you.
Beogh smites you!
4896 ||| READING 5 scrolls of teleportation.
As you read the scroll of teleportation, it crumbles to dust.
You feel strangely unstable.
You feel very sick.
The killer bee stings you but does no damage.
Psyche mumbles some strange words.
A swirling arc of seething chaos appears!
The arc of chaos hits the killer bee.
The arc of chaos hits something.
The killer bee misses you.
A steam dragon comes into view.
Something hits you. Something burns you.
You die...

.....................
........(..##....####
....#.....###....#
..........# #."..#
..........# ##.###
..........# #.##
.........# #..# ###D
.... ##.##.....
#@%..# #{y### #$##
.@o ..oo. .......
.{....... ..##.......
##. .......oo


You could see Psyche, a steam dragon, a killer bee, 2 orc priests and an orc.

Vanquished Creatures
  2 steam dragons
  2 water moccasins
  3 orc warriors
  An ice beast (D:6)
  A kobold brigand (D:6)
  A bullfrog (D:6)
  4 scorpions
  17 killer bees
  A jelly (D:5)
  4 hounds
  3 orc priests
  8 iguanas
  A sleepcap (D:4)
  3 orc wizards
  8 adders
  4 gnolls (D:3)
  A shadow imp (D:7)
  A white imp (D:5)
  2 ufetubi (D:6)
  2 worms
  4 dart slugs
  28 orcs
  5 bats
  7 endoplasms
  2 giant cockroaches
  10 goblins
  4 hobgoblins
  6 jackals
  16 kobolds
  4 quokkas
  15 ball pythons
  4 frilled lizards
  2 rats
176 creatures vanquished.

Vanquished Creatures (others)
  An orc (D:8)
1 creature vanquished.

Grand Total: 177 creatures vanquished

Notes
Turn   | Place    | Note
-------+----------+-------------------------------------------
     0 | D:1      | qw the Deep Elf Hunter began the quest for the Orb.
     0 | D:1      | Reached XP level 1. HP: 12/12 MP: 3/3
     0 | D:1      | 0 ||| qw: Version: 0.3-a-9-g12657ce
     0 | D:1      | 0 ||| qw: Game counter: 3525
     0 | D:1      | 0 ||| qw: Always use a shield: true
     0 | D:1      | 0 ||| qw: God list: Okawaru
     0 | D:1      | 0 ||| qw: Allow faded altars: false
     0 | D:1      | 0 ||| qw: Do Orc after D:15 true
     0 | D:1      | 0 ||| qw: Do second Lair branch before Depths: true
     0 | D:1      | 0 ||| qw: Lair rune preference: random
     0 | D:1      | 0 ||| qw: Plans: Normal
     0 | D:1      | 0 ||| PLANNING D:1-11
   190 | D:1      | Found Merup's Antique Armour Emporium.
   198 | D:1      | 198 ||| SHOPLISTING pair of boots (85 gold, have 11).
   198 | D:1      | 198 ||| SHOPLISTING pair of gloves (85 gold, have 11).
   198 | D:1      | 198 ||| SHOPLISTING pair of runed gloves (142 gold, have
                  | 11).
   198 | D:1      | 198 ||| SHOPLISTING ring mail (76 gold, have 11).
   396 | D:1      | Reached skill level 6 in Ranged Weapons
   396 | D:1      | Reached XP level 2. HP: 16/16 MP: 4/4
   935 | D:1      | 935 ||| UPGRADING to +0 pair of boots.
   940 | D:1      | 940 ||| READING 3 scrolls labelled LOFITZ ICSOSU.
   941 | D:1      | 941 ||| READING scroll labelled LUCHOY POHOODE.
   942 | D:1      | 942 ||| READING scroll labelled APISIA WESMEY.
   943 | D:1      | 943 ||| READING scroll labelled NUM XOIPNAOCK.
   944 | D:1      | 944 ||| READING scroll labelled KOPEAB CATUMM.
   947 | D:1      | 947 ||| READING 2 scrolls of identify.
   947 | D:1      | 947 ||| IDENTIFYING bubbling purple potion
   948 | D:1      | 948 ||| DROPPING scroll of butterflies.
  1051 | D:2      | Reached XP level 3. HP: 16/20 MP: 5/5
  1087 | D:2      | Found a faded altar of an unknown god.
  1244 | D:2      | Found a shimmering altar of Xom.
  1262 | D:2      | Reached skill level 7 in Ranged Weapons
  1489 | D:2      | 1489 ||| UPGRADING to amulet of regeneration.
  1494 | D:2      | 1494 ||| READING scroll labelled LESIESO BIR.
  1495 | D:2      | 1495 ||| READING 2 scrolls of identify.
  1495 | D:2      | 1495 ||| IDENTIFYING white potion
  1497 | D:2      | 1497 ||| Stepping ~*~*~tactically~*~*~ (cloud).
  1552 | D:3      | 1552 ||| STAIRDANCE
  1617 | D:3      | Reached XP level 4. HP: 25/25 MP: 6/6
  1702 | D:3      | Reached skill level 8 in Ranged Weapons
  1745 | D:3      | Found a stormy altar of Qazlal.
  1970 | D:3      | Reached XP level 5. HP: 14/29 MP: 7/7
  2333 | D:3      | 2333 ||| UPGRADING to +0 ring mail.
  2343 | D:3      | 2343 ||| DROPPING +0 leather armour.
  2344 | D:3      | 2344 ||| DROPPING scarf of invisibility.
  2345 | D:3      | 2345 ||| READING scroll labelled BAESIF MEFOA.
  2446 | D:3      | 2446 ||| READING scroll labelled WEXZICZAIG.
  2447 | D:3      | 2447 ||| READING 2 scrolls labelled DEULESAEFO.
  2448 | D:3      | 2448 ||| READING 2 scrolls of identify.
  2448 | D:3      | 2448 ||| IDENTIFYING glowing orange potion
  2449 | D:3      | 2449 ||| DROPPING potion of ambrosia.
  2450 | D:3      | 2450 ||| DROPPING scroll of blinking.
  2506 | D:4      | Found a shadowy altar of Dithmenos.
  2525 | D:4      | Identified the ring of Goenaor {Drain rElec MP+9 Int+2
                  | Slay+5}
  2597 | D:4      | Reached skill level 9 in Ranged Weapons
  2774 | D:4      | Reached XP level 6. HP: 35/35 MP: 8/8
  2996 | D:4      | 2996 ||| UPGRADING to ring of Goenaor {Drain rElec MP+9
                  | Int+2 Slay+5}.
  3057 | D:4      | 3057 ||| UPGRADING to +4 ring of slaying {mikee}.
  3058 | D:4      | 3058 ||| READING scroll labelled OBYARAYCKEI.
  3073 | D:4      | 3073 ||| READING scroll labelled PEXTATY UTEURCH.
  3073 | D:4      | Identified a scroll of acquirement
  3073 | D:4      | 3073 ||| ACQUIRING +2 pair of boots "Ziwalao" {Str+7}
  3073 | D:4      | Acquired the +2 pair of boots "Ziwalao" {Str+7}
  3075 | D:4      | 3075 ||| UPGRADING to +2 pair of boots "Ziwalao" {Str+7}.
  3085 | D:4      | 3085 ||| DROPPING +0 pair of boots.
  3086 | D:4      | 3086 ||| READING scroll labelled ASELUM DORGH.
  3087 | D:4      | 3087 ||| READING 2 scrolls of identify.
  3087 | D:4      | 3087 ||| IDENTIFYING pink potion
  3088 | D:4      | 3088 ||| DROPPING potion of brilliance.
  3115 | D:5      | Entered Level 5 of the Dungeon
  3181 | D:5      | Reached skill level 3 in Dodging
  3277 | D:5      | Reached skill level 10 in Ranged Weapons
  3432 | D:5      | Reached XP level 7. HP: 40/40 MP: 9/9
  3535 | D:5      | Reached skill level 11 in Ranged Weapons
  3543 | D:5      | 3543 ||| READING scroll of acquirement.
  3543 | D:5      | 3543 ||| ACQUIRING +7 Kryia's mail coat {PotionHeal*2 rC+}
  3543 | D:5      | Acquired the +7 Kryia's mail coat {PotionHeal*2 rC+}
  3543 | D:5      | Found the +7 Kryia's mail coat {PotionHeal*2 rC+}
  3545 | D:5      | 3545 ||| UPGRADING to +7 Kryia's mail coat {PotionHeal*2
                  | rC+}.
  3555 | D:5      | 3555 ||| DROPPING +0 ring mail.
  3605 | D:5      | 3605 ||| READING scroll labelled VIPLOA JOW CYD.
  3606 | D:5      | 3606 ||| READING 2 scrolls of identify.
  3606 | D:5      | 3606 ||| IDENTIFYING clear potion
  3607 | D:5      | 3607 ||| DROPPING potion of lignification.
  3656 | D:6      | Reached skill level 1 in Armour
  3674 | D:6      | Found a hazy altar of Hepliaklqana.
  3743 | D:6      | Reached skill level 12 in Ranged Weapons
  3743 | D:6      | Reached XP level 8. HP: 41/44 MP: 10/10
  3875 | D:6      | Found a staircase to the Ecumenical Temple.
  3876 | D:6      | 3876 ||| PLANNING TEMPLE
  3876 | D:6      | 3876 ||| Stepping ~*~*~tactically~*~*~ (cloud).
  3877 | D:6      | 3877 ||| READING scroll labelled KOOMAU LECLERUASS.
  3884 | D:6      | Reached skill level 3 in Fighting
  3892 | Temple   | Entered the Ecumenical Temple
  3893 | Temple   | 3893 ||| PLANNING OKAWARU WORSHIP
  3898 | Temple   | Became a worshipper of Warmaster Okawaru
  3899 | Temple   | 3899 ||| PLANNING D:1-11
  3917 | D:6      | 3917 ||| Stepping ~*~*~tactically~*~*~ (outnumbered).
  3921 | D:6      | 3921 ||| Stepping ~*~*~tactically~*~*~ (outnumbered).
  4029 | D:6      | Found a transporter.
  4030 | D:6      | Noticed qw's ghost (novice DEHu)
  4037 | D:6      | Found a transporter.
  4222 | D:7      | Reached skill level 13 in Ranged Weapons
  4230 | D:7      | 4230 ||| FLEEEEING.
  4231 | D:7      | 4231 ||| FLEEEEING.
  4232 | D:7      | 4232 ||| FLEEEEING.
  4236 | D:7      | 4236 ||| STAIRDANCE
  4243 | D:7      | Reached * piety under Okawaru
  4375 | D:7      | Reached skill level 1 in Invocations
  4376 | D:7      | 4376 ||| INVOKING Heroism.
  4389 | D:7      | Reached XP level 9. HP: 45/51 MP: 12/12
  4397 | D:7      | Reached skill level 14 in Ranged Weapons
  4402 | D:7      | Reached skill level 3 in Invocations
  4477 | D:7      | 4477 ||| DRINKING 4 potions of curing.
  4477 | D:7      | 4477 ||| (to cure confusion)
  4518 | D:7      | 4518 ||| INVOKING Heroism.
  4756 | D:7      | 4756 ||| DROPPING ring of see invisible.
  4757 | D:7      | 4757 ||| READING scroll labelled VUV WEMUASH.
  4758 | D:7      | 4758 ||| DRINKING 3 fuming puce potions.
  4759 | D:7      | 4759 ||| READING 4 scrolls of identify.
  4759 | D:7      | 4759 ||| IDENTIFYING purple potion
  4760 | D:7      | 4760 ||| READING 3 scrolls of identify.
  4760 | D:7      | 4760 ||| IDENTIFYING red potion
  4761 | D:7      | 4761 ||| READING 2 scrolls of identify.
  4761 | D:7      | 4761 ||| IDENTIFYING amethyst potion
  4762 | D:7      | 4762 ||| DROPPING potion of attraction.
  4763 | D:7      | 4763 ||| DROPPING 2 potions of degeneration.
  4764 | D:7      | 4764 ||| DROPPING potion of berserk rage.
  4846 | D:8      | 4846 ||| INVOKING Heroism.
  4853 | D:8      | Reached ** piety under Okawaru
  4884 | D:8      | Noticed Erica
  4885 | D:8      | 4885 ||| INVOKING Heroism.
  4887 | D:8      | Noticed Psyche
  4888 | D:8      | 4888 ||| Stepping ~*~*~tactically~*~*~ (outnumbered).
  4895 | D:8      | HP: 6/52 [orc priest/divine providence (8)]
  4896 | D:8      | 4896 ||| READING 5 scrolls of teleportation.
  4896 | D:8      | HP: 2/52 [poisoned by a killer bee]
  4896 | D:8      | Slain by Erica

Levels and vault maps discovered:
D:1:      kennysheep_arrival_seaside, layout_basic, serial_shops, shop
D:2:      layout_rooms, basic_altar, shapermc_ecumenical_altar_flowoftime
D:3:      minmay_chambers_of_twos, layout_basic,
          nicolae_qazlal_general_emergency, minmay_shallow_snake_nest
D:4:      layout_rooms, nicolae_dithmenos_shadow_blocks
D:5:      layout_loops_ring
D:6:      layout_basic, mainiacjoe_overflow_cross_hatched,
          minmay_temple_entry_glassed_door, gammafunk_ghost_smash
D:7:      layout_rooms, hex_medium, nrook_mini_vaults
D:8:      layout_rooms, uniq_erica, uniq_psyche
Temple:   sentei_temple_godly_chess

Skill      XL: |  1  2  3  4  5  6  7  8  9 |
---------------+----------------------------+-----
Ranged Weapons | 6 7 8 9 10 12 13 14 | 14.0
Fighting       | 2 3 4 |  4.2
Dodging        | 3 4 5 |  5.7
Armour         | 1 2 |  2.1
Invocations    | 2 4 |  4.0
Stealth        | |  1.2

Action                     |  1- 3 |  4- 6 |  7- 9 || total
---------------------------+-------+-------+-------++-------
   Fire: Shortbow          |   121 |   202 |   218 ||   541
 Invoke: Heroism           |       |       |     4 ||     4
    Use: Scroll            |     8 |     8 |     9 ||    25
         Potion            |       |       |     2 ||     2
 Armour: Leather armour    |    15 |    22 |       ||    37
         Ring mail         |       |     6 |       ||     6
         Scale mail        |       |       |    59 ||    59
  Dodge: Dodged            |    28 |    83 |    69 ||   180

Table legend:
 A = Non-vault XP
 B = Vault XP
 C = Vault XP percentage of total XP
 D = Non-vault monster count
 E = Vault monster count
 F = Vault count percentage of total count
                 A         B        C        D         E       F
            +---------+---------+-------+---------+---------+-------
      Total |    3934 |      35 |   0.9 |     162 |      14 |   8.0
            +---------+---------+-------+---------+---------+-------
        D:1 |      20 |       0 |   0.0 |      12 |       0 |   0.0
        D:2 |      71 |       0 |   0.0 |      23 |       0 |   0.0
        D:3 |      96 |      35 |  26.7 |      22 |      14 |  38.9
        D:4 |     236 |       0 |   0.0 |      21 |       0 |   0.0
        D:5 |     509 |       0 |   0.0 |      16 |       0 |   0.0
        D:6 |    1078 |       0 |   0.0 |      29 |       0 |   0.0
        D:7 |    1452 |       0 |   0.0 |      30 |       0 |   0.0
        D:8 |     472 |       0 |   0.0 |       9 |       0 |   0.0
            +---------+---------+-------+---------+---------+-------
